 Dungeon Crawl Stone Soup version 0.31-a0-614-gc85dc1c48c (webtiles) character file.

Game seed: 7871701140933501624

2578 CrazyBamboolord the Grappler (level 9, -1/85 HPs)
             Began as an Octopode Shapeshifter on Aug 22, 2023.
             Was a Follower of Cheibriados.
             Slain by an orc
             ... wielding a +0 dagger
              (3 damage)
             ... on level 6 of the Dungeon.
             The game lasted 00:09:56 (6047 turns).

CrazyBamboolord the Grappler (OpSh)                 Turns: 6047, Time: 00:09:57

Health: -1/85      AC: 24    Str: 20    XL:     9   Next: 57%
Magic:  18/18      EV:  2    Int: 18    God:    Cheibriados [*.....]
Gold:   309        SH:  0    Dex: 15    Spells: 8/8 levels left

rFire   . .          .
                       - Unarmed
rCold   . . .        (no shield)
rNeg    . . .        (helmet currently unavailable)
rPois   +            (no amulet)
rElec   .            d - +5 ring of evasion
rCorr   .            e - +6 ring of intelligence
SInv    .            w - ring of magical power
Will    .....        (no ring)
Stlth   +            (no ring)
HPRegen 0.34/turn    (no ring)
MPRegen 0.16/turn    (no ring)
                     (no ring)

%: no passive effects
@: tree-form, very slow
A: stationary, stasis, torment immunity, boosted hp, almost no armour,
(amphibious), 8 rings, (camouflage 1), (gelatinous body 1), (nimble swimmer 1),
(tentacles)
a: Renounce Religion, Bend Time


You were on level 6 of the Dungeon.
You worshipped Cheibriados.
Cheibriados was aware of your devotion.
You were a tree.
You visited 2 branches of the dungeon, and saw 8 of its levels.
You also visited: Sewer.

You collected 309 gold pieces.

Inventory:

Missiles
 f - 2 throwing nets
Jewellery
 d - a +5 ring of evasion (left branch)
 e - a +6 ring of intelligence (right branch)
 w - a ring of magical power (on tentacle)
Talismans
 b - a beast talisman
 c - a flux talisman
Wands
 k - a wand of flame (23)
 q - a wand of light (3)
Scrolls
 a - a scroll of enchant weapon
 h - 3 scrolls of vulnerability
 l - a scroll of torment {unknown}
 n - 4 scrolls of teleportation
 p - 2 scrolls of blinking
 r - a scroll of poison
 t - a scroll of fog {unknown}
 x - 2 scrolls of summoning {unknown}
 y - a scroll of enchant armour {unknown}
 z - a scroll of fear {unknown}
 A - a scroll of immolation {unknown}
 B - a scroll of amnesia {unknown}
Potions
 g - a potion of attraction
 i - a potion of ambrosia {unknown}
 m - 4 potions of brilliance
 o - a potion of enlightenment {unknown}
 s - a potion of curing {unknown}
 u - a potion of berserk rage {unknown}
 v - a potion of degeneration {unknown}
 C - a potion of mutation {unknown}


   Skills:
 * Level 3.4 Fighting
 * Level 4.4 Dodging
 * Level 8.2 Unarmed Combat
 * Level 8.0 Shapeshifting


You had 8 spell levels left.
You didn't know any spells.
Your spell library contained the following spells:

 Spells                   Type           Power      Damage    Failure   Level
 Apportation              Tloc           0%         N/A       22%         1
 Sting                    Tmut/Pois      0%         1d3       22%         1
 Summon Small Mammal      Summ           0%         N/A       22%         1
 Cigotuvi's Dreadful Rot  Necr/Pois/Air  0%         N/A       32%         2
 Poisonous Vapours        Pois/Air       0%         N/A       32%         2
 Sublimation of Blood     Necr           0%         N/A       32%         2
 Wereblood                Tmut           0%         N/A       32%         2
 Call Canine Familiar     Summ           0%         N/A       54%         3
 Ignite Poison            Fire/Tmut/Pois 0%         N/A       54%         3
 Summon Guardian Golem    Hex/Summ       0%         N/A       54%         3
 Vhi's Electric Charge    Tloc/Air       0%         N/A       54%         3
 Olgreb's Toxic Radiance  Pois           0%         N/A       91%         4
 Alistair's Intoxication  Tmut/Pois      0%         N/A       99%         5
 Arcjolt                  Conj/Air       0%         1d10      99%         5
 Freezing Cloud           Conj/Ice/Air   0%         6-21      99%         5
 Plasma Beam              Fire/Air       0%         2x1d10    100%        6
 Summon Hydra             Summ           0%         N/A       100%        7


Dungeon Overview and Level Annotations

Branches:
Dungeon (7/15)             Temple (1/1) D:5           Sewer (visited)

Altars:
Ashenzari
Cheibriados
Dithmenos
Elyvilon
Fedhas
Gozag
Hepliaklqana
Kikubaaqudgha
Nemelex Xobeh
Okawaru
Qazlal
Ru
Sif Muna
Trog
Uskayaw
Vehumet
Wu Jian
Xom
Yredelemnul
Zin
The Shining One

Shops:
D:4 (


Innate Abilities, Weirdness & Mutations

You are a tree.
Your roots penetrate the ground, keeping you stationary.
You cannot be teleported.
You are immune to unholy pain and torment.
Your maximum health is greatly increased.
You cannot wear most types of armour.
((You are amphibious.))
You can wear up to eight rings at the same time.
((Your skin changes colour to match your surroundings (Stealth+).))
((Your rubbery body absorbs attacks. (AC +1, EV +1)))
((You are camouflaged when in or above water. (Stealth+)))
((You have tentacles for arms and can constrict up to eight enemies at once.))


Message History

The orc wizard flickers and vanishes!
Deactivating autopickup; reactivate with Ctrl-A.
An orc warrior comes into view.
It is wielding a +0 long sword of holy wrath.
An orc comes into view. It is wielding a +0 dagger.
Something barely misses you. The orc closely misses you.
The orc warrior hits you with a +0 long sword of holy wrath!
Something hits you. The orc closely misses you. The orc completely misses you.
The orc warrior hits you with a +0 long sword of holy wrath.
The orc attacks as it pursues you! The orc hits you with a +0 dagger.
Something closely misses you. Something hits you.
The orc attacks as it pursues you! The orc hits you with a +0 dagger.
There is a stone staircase leading up here.
The orc misses you.
You climb upwards.
Reactivating autopickup.
There is a stone staircase leading down here.
The orc hits you with a +0 dagger.
The orc warrior hits you with a +0 long sword of holy wrath!
* * * LOW HITPOINT WARNING * * *
The orc hits you with a +0 dagger.
* * * LOW HITPOINT WARNING * * *
The orc hits you with a +0 dagger.
* * * LOW HITPOINT WARNING * * *
Your transformation has ended.
You turn into a tree.
Your roots penetrate the ground.
The orc warrior hits you with a +0 long sword of holy wrath!
* * * LOW HITPOINT WARNING * * *
The orc hits you but does no damage.
Unknown command.
You hit the orc warrior.
The orc warrior is lightly wounded.
The orc warrior hits you but does no damage.
The orc hits you but does no damage.
You hit the orc warrior but do no damage.
The orc warrior is lightly wounded.
The orc warrior hits you with a +0 long sword of holy wrath.
* * * LOW HITPOINT WARNING * * *
The orc hits you with a +0 dagger.
You die...

..###.########.#..........##....#
..# #.#........#..##########....#
..# #.#........#...........'.....
..# #..........#.###########....#
..# ####....##.#.# ####.# ###
#######..#(..# #.. #.........((##
########.. #.#####.#..o##
#........#
#.#...#.#.>o♣#######......###
#.#.#.#.#######...##......#♣♣
#.#.#.#.# #...##......#♣.
#.#.#.#.# #...##......#♣.
#.#.#.#.# #...#####...#♣.
#.#.#<#.# #...# ##...#♣.
#.#.#.#.#######...####....♣#♣
#.#.#.#...........'.....#..♣#
#.#.###########...#####.#♣..♣


You could see an orc warrior and an orc.

Vanquished Creatures
  Grinder (D:3)
  Sigmund (D:3)
  Eustachio (D:5)
  Menkaure (D:4)
  A water moccasin (D:6)
  Duvessa (D:5)
  Pargi (Sewer)
  An orc warrior (D:6)
  A black bear (D:5)
  An ogre (D:5)
  A centaur (D:6)
  A phantom (D:5)
  A kobold brigand (D:6)
  A gnoll sergeant (Temple)
  3 scorpions (D:5)
  Dowan (D:5)
  4 hounds
  2 orc priests
  A jelly (D:5)
  Jessica (D:2)
  Natasha (thrice) (D:3)
  An orc wizard (D:6)
  7 iguanas
  18 gnolls
  5 adders
  2 shadow imps (D:6)
  2 white imps
  A dart slug (D:2)
  3 worms
  23 orcs
  A bat (D:1)
  3 endoplasms
  3 giant cockroaches
  6 hobgoblins
  3 jackals (D:1)
  14 kobolds
  A quokka (D:4)
  5 ball pythons
  A frilled lizard (Sewer)
  7 goblins
  3 rats
138 creatures vanquished.

Notes
Turn   | Place    | Note
-------+----------+-------------------------------------------
     0 | D:1      | CrazyBamboolord the Octopode Shapeshifter began the quest
                  | for the Orb.
     0 | D:1      | Reached XP level 1. HP: 13/13 MP: 1/1
   329 | D:1      | Found a faded altar of an unknown god.
   336 | D:1      | Reached XP level 2. HP: 18/18 MP: 2/2
   398 | D:1      | Reached XP level 3. HP: 21/23 MP: 3/3
   797 | D:2      | Noticed Jessica
   799 | D:2      | Killed Jessica
   800 | D:2      | Reached XP level 4. HP: 28/28 MP: 4/4
   855 | D:2      | Identified the +1 chain mail of Snakes and Ladders {Harm
                  | Rampage rElec Str-2}
  1414 | D:3      | Noticed Natasha
  1421 | D:3      | Killed Natasha
  1465 | D:2      | Reached XP level 5. HP: 14/33 MP: 5/5
  1467 | D:2      | Reached skill level 5 in Shapeshifting
  1593 | D:3      | Noticed Natasha
  1599 | D:3      | Killed Natasha
  1609 | D:3      | Noticed Natasha
  1632 | D:3      | Killed Natasha
  1733 | D:3      | Noticed Sigmund
  1770 | D:3      | Killed Sigmund
  1771 | D:3      | Reached XP level 6. HP: 33/38 MP: 6/6
  2000 | D:3      | Noticed Grinder
  2010 | D:3      | Paralysed by Grinder for 3 turns
  2026 | D:3      | Paralysed by Grinder for 4 turns
  2031 | D:3      | Killed Grinder
  2032 | D:3      | Reached XP level 7. HP: 5/43 MP: 7/7
  2105 | D:3      | Found a glowing drain.
  2110 | Sewer    | Entered a sewer
  2257 | Sewer    | Noticed Pargi
  2268 | Sewer    | Killed Pargi
  2563 | D:4      | Noticed Menkaure
  2572 | D:4      | Killed Menkaure
  2573 | D:4      | Reached XP level 8. HP: 46/50 MP: 8/8
  2782 | D:4      | Reached skill level 5 in Unarmed Combat
  3164 | D:4      | Found Naamyschaecw's Weapon Shop.
  3220 | D:5      | Entered Level 5 of the Dungeon
  3351 | D:5      | Noticed Duvessa
  3352 | D:5      | Noticed Eustachio
  3353 | D:5      | Noticed Dowan
  3361 | D:5      | Killed Duvessa
  3364 | D:5      | Killed Dowan
  3372 | D:5      | Killed Eustachio
  3573 | D:5      | Reached XP level 9. HP: 23/55 MP: 9/9
  3727 | D:5      | Found a staircase to the Ecumenical Temple.
  3738 | Temple   | Entered the Ecumenical Temple
  3783 | Temple   | Became a worshipper of Cheibriados the Contemplative
  4829 | D:6      | Reached * piety under Cheibriados
  5368 | D:6      | Found an ornate altar of the Wu Jian Council.
  5610 | D:6      | Found a basalt altar of Yredelemnul.
  5672 | D:6      | Found a white marble altar of Elyvilon.
  6047 | D:6      | HP: 2/85 [orc warrior/+0 long sword of holy wrath (6)]
  6047 | D:6      | Slain by an orc

Illustrated notes

Levels and vault maps discovered:
D:1:      minmay_arrival_floating_metal, layout_basic,
          hellmonk_ecumenical_altar_pennies_from_heaven
D:2:      layout_loops_cross, roderic_lattice_a, minmay_tripent, uniq_jessica
D:3:      layout_rooms, portal_sewer_entry_e, uniq_natasha, uniq_sigmund,
          uniq_grinder
D:4:      layout_basic, serial_shops, shop, uniq_menkaure
D:5:      layout_cave_pools, minmay_temple_entry_wispy, uniq_eustachio,
          uniq_duvessa
D:6:      layout_basic, kennysheep_mini_moat, kennysheep_ying_yang
D:7:      layout_cave_pools, eino_tiny_chamber, uniq_jeremiah
Temple:   mainiacjoe_temple_coin_purse

Skill      XL: |  1  2  3  4  5  6  7  8  9 |
---------------+----------------------------+-----
Shapeshifting  | 4 6 7 8 |  8.0
Unarmed Combat | 4 7 8 |  8.2
Fighting       | 2 3 |  3.4
Dodging        | 3 4 |  4.4

Action                     |  1- 3 |  4- 6 |  7- 9 || total
---------------------------+-------+-------+-------++-------
  Melee: Unarmed           |    43 |    74 |   231 ||   348
         Constrict         |    14 |    27 |    67 ||   108
         Tentacles         |     8 |    23 |    69 ||   100
         Punch             |     3 |     1 |       ||     4
  Evoke: Wand              |       |       |     1 ||     1
    Use: Scroll            |       |     4 |     5 ||     9
         Potion            |       |     2 |     3 ||     5
   Stab: Sleeping          |     6 |     3 |     3 ||    12
 Armour: Skin              |     1 |     7 |    17 ||    25
  Dodge: Dodged            |    36 |    72 |   246 ||   354
   Form: Flux              |       |     1 |       ||     1

Table legend: (Time is in decaauts)
 A = Elapsed time spent in this place.
 B = Non-inter-level travel time spent in this place.
 C = Inter-level travel time spent in this place.
 D = Time resting spent in this place.
 E = Time spent auto-exploring this place.
 F = Levels seen in this place.
 G = Mean time per level.
                   A        B        C        D        E       F      G
               +--------+--------+--------+--------+--------+-----+--------+
         Total |   6406 |   6156 |    250 |    962 |   4044 |   9 |  711.8 |
       Dungeon |   5779 |   5529 |    250 |    514 |   3977 |   7 |  825.6 |
        Temple |    403 |    403 |      0 |    345 |      0 |   1 |  403.0 |
         Sewer |    223 |    223 |      0 |    103 |     67 |   1 |  223.0 |
               +--------+--------+--------+--------+--------+-----+--------+

Top non-repeatable levels by time:
     D:6: 1754 daAuts
     D:5: 1040 daAuts
     D:2: 816 daAuts
     D:3: 734 daAuts
     D:1: 716 daAuts
     D:4: 696 daAuts
  Temple: 403 daAuts
   Sewer: 223 daAuts
     D:7: 20 daAuts
